 Dungeon Crawl Stone Soup version 0.30.0-5-g1a98f26d00 (webtiles) character file.

Game seed: 16482866372550902954

39 ryw the Insei (level 3, -1/29 HPs)
             Began as a Demonspawn Monk on May 11, 2023.
             Slain by a gnoll
             ... wielding a +0 club
              (6 damage)
             ... on level 2 of the Dungeon.
             The game lasted 00:02:12 (1108 turns).

ryw the Insei (Demonspawn Monk)                     Turns: 1108, Time: 00:02:13

Health: -1/29      AC:  2    Str: 13    XL:     3   Next: 28%
Magic:  3/3        EV: 13    Int: 11    God:
Gold:   31         SH:  0    Dex: 21    Spells: 2/2 levels left

rFire   . .          .
                       - Unarmed
rCold   . . .        c - orb {light}
rNeg    . . .        a - +0 robe
rPois   .            (no helmet)
rElec   .            (no cloak)
rCorr   +            (no gloves)
SInv    .            (no boots)
Will    .....        (no amulet)
Stlth   +            o - +6 ring of dexterity
HPRegen 0.24/turn    i - ring of resist corrosion
MPRegen 0.08/turn

%: no passive effects
@: confused, ambrosia-drunk, glowing
A: claws 1, spiny 1
a: no special abilities


You were on level 2 of the Dungeon.
You visited 1 branch of the dungeon, and saw 2 of its levels.

You collected 31 gold pieces.

Inventory:

Armour
 a - a +0 robe (worn)
 c - an orb of light (worn)
Jewellery
 i - a ring of resist corrosion (right claw)
 o - a +6 ring of dexterity (left claw)
Scrolls
 d - 2 scrolls of noise {unknown}
 f - a scroll of poison {unknown}
 g - 3 scrolls of identify {unknown}
 h - a scroll of fear {unknown}
 j - a scroll of immolation {unknown}
 m - a scroll of torment {unknown}
 n - a scroll of fog {unknown}
 p - a scroll of amnesia {unknown}
Potions
 e - 2 potions of curing {unknown}
 k - a potion of heal wounds {unknown}
 l - a potion of haste {unknown}


   Skills:
 - Level 3.0 Fighting
 - Level 3.0 Dodging
 * Level 3.7 Unarmed Combat


You had 2 spell levels left.
You didn't know any spells.
Your spell library was empty.

Dungeon Overview and Level Annotations

Branches:
Dungeon (2/15)

Altars:


Innate Abilities, Weirdness & Mutations

You have sharp fingernails.
You are partially covered in sharp spines.


Message History

A gnoll is nearby!
A ball python comes into view.
The ball python hisses angrily.
A gnoll comes into view. It is wielding a +0 club.
A gnoll comes into view. It is wielding a +0 whip.
The gnoll shouts!
You hear a shout!
An adder comes into view.
The gnoll is struck by your spines. The gnoll hits you with a +0 club.
A gnoll comes into view. It is wielding a +0 spear.
A goblin comes into view. It is wielding a +0 club.
The adder moves out of view.
The gnoll attacks as you move away! The gnoll misses you.
You scratch the gnoll but do no damage.
The gnoll is lightly wounded.
The gnoll hits you with a +0 club.
You scratch the gnoll but do no damage.
The gnoll is lightly wounded.
The gnoll hits you with a +0 club.
You scratch the gnoll but do no damage.
The gnoll is lightly wounded.
The gnoll hits you with a +0 club.
You claw the gnoll!
The gnoll is severely wounded.
The gnoll is struck by your spines.
You kill the gnoll!
The gnoll shouts!
You scratch the gnoll.
The gnoll is moderately wounded.
You hear an angry hiss.
The gnoll hits you with a +0 club!
You completely miss the gnoll.
The gnoll is moderately wounded.
The gnoll hits you with a +0 club.
* * * LOW HITPOINT WARNING * * *
Unknown command.
You are confused.
You feel invigorated. The gnoll hits you with a +0 club.
* * * LOW HITPOINT WARNING * * *
The gnoll attacks as you move away! The gnoll hits you with a +0 club.
You die...

.# #......###.#...#.#...# .#
.###..........#...#.#.#.# ...
..##....#.###.#...#...J.##...
#.........###.#####.g......g.
###.....#.#.#.# ...#.#......
..........#.#.# #.........
.......#.##.#.# ##.#.#.##.#.
..............####gJg........
................@gSg.##.#....
....#+##........####.# # .
....#..................
..............####.#.###
...†..........# #....
..............# # #.#
...#).......#.# ....
####.##....##.. .#.#. <# #.#
####


You could see 3 gnolls, an endoplasm, a goblin and a ball python.

Vanquished Creatures
  A gnoll (D:2)
  2 worms (D:1)
  4 ball pythons (D:1)
  5 endoplasms
  3 giant cockroaches
  3 goblins
  A hobgoblin (D:2)
  A bat (D:2)
  2 frilled lizards (D:1)
  A kobold (D:2)
  A rat (D:1)
24 creatures vanquished.

Notes
Turn   | Place    | Note
-------+----------+-------------------------------------------
     0 | D:1      | ryw the Demonspawn Monk began the quest for the Orb.
     0 | D:1      | Reached XP level 1. HP: 18/18 MP: 1/1
   316 | D:1      | Found a faded altar of an unknown god.
   357 | D:1      | Gained mutation: You have sharp fingernails. [demonic
                  | ancestry]
   357 | D:1      | Reached XP level 2. HP: 24/24 MP: 2/2
  1024 | D:2      | Gained mutation: You are partially covered in sharp spines.
                  | [demonic ancestry]
  1024 | D:2      | Reached XP level 3. HP: 27/29 MP: 3/3
  1108 | D:2      | Slain by a gnoll

Illustrated notes

Levels and vault maps discovered:
D:1:      tekkud_arrival_beachfront_property, layout_rooms,
          shapermc_ecumenical_altar_ellora, nicolae_wormholes
D:2:      layout_basic, serial_glass, glass_columns_a, glass_columns_a,
          glass_columns_a, glass_columns_a

Skill      XL: |  1 |
---------------+----+-----
Dodging        | 3 |  3.0
Unarmed Combat | 3 |  3.7
Fighting       | |  3.0

Action                     || total
---------------------------++-------
  Melee: Unarmed           ||    86
    Use: Potion            ||     1
 Armour: Robe              ||    10
  Dodge: Dodged            ||    41
